 Dungeon Crawl Stone Soup version 0.18.1-48-g4cf74bf (webtiles) character file.

125 Lennu the Vexing (level 5, -2/37 HPs)
             Began as a Formicid Arcane Marksman on June 28, 2016.
             Slain by a gnoll
             ... wielding a +0 halberd
              (6 damage)
             ... on level 3 of the Dungeon.
             The game lasted 00:17:13 (3098 turns).

Lennu the Vexing (Formicid Arcane Marksman)         Turns: 3098, Time: 00:17:14

Health: -2/37      AC:  7    Str: 16    XL:     5   Next: 30%
Magic:  4/6        EV: 10    Int: 11    God:
Gold:   94         SH:  0    Dex: 10    Spells: 1 memorised, 5 levels left

rFire  + . .     SeeInvis +     t - +0 lajatang
rCold  . . .     Gourm    .     h - +0 scale mail
rNeg   + . .     Faith    .     (no shield)
rPois  +         Spirit   .     (helmet unavailable)
rElec  .         Dismiss  .     (no cloak)
rCorr  .         Reflect  .     (no gloves)
SustAt .         Harm     .     e - +0 pair of boots (curse)
MR     .....                    (no amulet)
Stlth  ..........               q - ring of positive energy
                                m - ring of protection from fire

@: not resistant to hostile enchantments, extremely unstealthy
A: permanent stasis, dig shafts and tunnels, four strong arms, antennae 3,
deterioration 1, dopey 1, poison resistance
a: Dig, Shaft Self


You were on level 3 of the Dungeon.
You were not hungry.

You visited 1 branch of the dungeon, and saw 3 of its levels.

You collected 94 gold pieces.

Inventory:

Hand Weapons
 c - a +0 long sword of slicing
 k - a +0 club
 t - a +0 lajatang (weapon)
Missiles
 d - a throwing net (quivered)
Armour
 a - a +0 robe
 e - a cursed +0 pair of boots (worn)
 h - a +0 scale mail (worn)
Jewellery
 m - a ring of protection from fire (left hand)
 q - a ring of positive energy (right hand)
Scrolls
 i - a scroll of random uselessness {unknown}
 j - a scroll of fear {unknown}
 l - a scroll of remove curse {unknown}
 o - 2 scrolls of teleportation {unknown}
 s - a scroll of blinking {unknown}
Potions
 u - a potion of agility {unknown}
Books
 b - a book of Debilitation

   Spells                             Type                      Level
   a - Corona                         Hexes                        1
   b - Slow                           Hexes                        2
   c - Gell's Gravitas                Hexes/Translocation          3
   d - Inner Flame                    Hexes/Fire                   3
   e - Cause Fear                     Hexes                        4
   f - Leda's Liquefaction            Hexes/Earth                  4
Comestibles
 f - a bread ration
 p - a meat ration
 v - 3 chunks of flesh


   Skills:
 * Level 1.5 Fighting
 - Level 1.0(1.1) Maces & Flails
 * Level 0.8(1.1) Staves
 + Level 2.4 Throwing
 * Level 2.0 Armour
 * Level 2.3 Dodging
 + Level 0.2 Unarmed Combat
 * Level 1.3 Spellcasting
 + Level 4.8 Hexes


You had 5 spell levels left.
You knew the following spells:

 Your Spells              Type           Power        Failure   Level  Hunger
a - Corona                Hex            ##.....      17%         1    ##.....


Dungeon Overview and Level Annotations

Branches:
Dungeon (3/15)

Altars:
Trog


Innate Abilities, Weirdness & Mutations

You are under a permanent stasis effect.
You can dig through walls and to a lower floor.
Your four strong arms can wield two-handed weapons with a shield.
You have a pair of large antennae on your head (SInv).
Your body sometimes deteriorates upon taking damage.
You are dopey. (Int -2)
Your system is resistant to poisons.


Message History

Your Armour skill increases to level 2!
You feel your strength returning.
The iron imp disappears in a puff of smoke!
The gnoll hits you from afar with a halberd.
* * * LOW HITPOINT WARNING * * *
Drink which item? (? for menu, Esc to quit)
Okay, then.
Casting: Corona
Confirm with . or Enter, or press ? or * to list all spells.
Aiming: Corona
Press: ? - help, Shift-Dir - straight line, f - gnoll
Aim: a gnoll, wielding a halberd (chance to defeat MR: 55%)
The gnoll struggles to resist.
The gnoll hits you from afar with a halberd.
* * * LOW HITPOINT WARNING * * *
The gnoll closely misses you.
You slash the gnoll!
The gnoll is severely wounded.
The gnoll hits you with a halberd.
You die...

#.# ##..# #...# #...#
#####...# .. #.......#
....#.......#
.........#..########.##
.##.#%#..(รท.(g@........
...........<#####.#.##
.....#.##.#.#
###...#.##.#.# ....
.......# ###.##....... #
#....... #......>#
#.......#


You could see a gnoll.

Vanquished Creatures
  Natasha (D:3)
  2 gnolls (D:3)
  2 adders
  4 worms
  2 dart slugs
  2 giant geckos
  2 giant cockroaches (D:1)
  7 goblins (D:1)
  5 hobgoblins (D:1)
  6 kobolds
  A quokka (D:3)
  6 bats
  3 giant newts
  5 rats
48 creatures vanquished.

Notes
Turn   | Place    | Note
--------------------------------------------------------------
     0 | D:1      | Lennu the Formicid Arcane Marksman began the quest for the Orb.
     0 | D:1      | Reached XP level 1. HP: 15/15 MP: 2/2
   132 | D:1      | Reached skill level 4 in Hexes
   140 | D:1      | Reached XP level 2. HP: 18/21 MP: 3/3
   563 | D:1      | Reached XP level 3. HP: 8/26 MP: 4/4
  1815 | D:2      | Reached XP level 4. HP: 27/32 MP: 2/5
  2123 | D:2      | Noticed a moth of wrath
  2126 | D:2      | Found a bloodstained altar of Trog.
  2675 | D:2      | Reached skill level 1 in Maces & Flails
  2964 | D:2      | Reached skill level 1 in Armour
  3072 | D:3      | Noticed Natasha
  3084 | D:3      | Reached XP level 5. HP: 28/37 MP: 4/6
  3090 | D:3      | Gained mutation: Your body sometimes deteriorates upon taking damage. [potion of mutation]
  3090 | D:3      | Gained mutation: You are dopey. (Int -2) [potion of mutation]
  3090 | D:3      | Gained mutation: Your system is resistant to poisons. [potion of mutation]
  3095 | D:3      | Killed Natasha
  3098 | D:3      | Slain by a gnoll

Skill      XL: |  1  2  3  4  5 |
---------------+----------------+-----
Hexes          | 4 |  4.8
Dodging        | 2 |  2.3
Maces & Flails | 1 |  1.0
Armour         | 1 2 |  2.0
Fighting       | |  1.5
Staves         | |  0.8
Throwing       | |  2.4
Unarmed Combat | |  0.2
Spellcasting   | |  1.3

Action                   |  1- 3 |  4- 6 || total
-------------------------+-------+-------++-------
Melee: Unarmed           |    41 |       ||    41
       Club              |   104 |    79 ||   183
       Lajatang          |       |    21 ||    21
Throw: Javelin           |    25 |     7 ||    32
       Throwing net      |       |     2 ||     2
 Cast: Corona            |    17 |    14 ||    31
  Use: Potion            |       |     2 ||     2
  Eat: Pizza             |     2 |       ||     2
       Chunk             |     1 |     3 ||     4
       Bread ration      |       |     1 ||     1
Armor: Scale mail        |    77 |    39 ||   116
Dodge: Dodged            |    90 |    72 ||   162
